Map: Abyssal Reef LE

Players

Metasapien

  • Race: Zerg Zerg
  • League: Platinum
  • Spawn Location: 5:00

johnnyblaze - Winner!

  • Race: Terran Terran
  • League: Platinum
  • Spawn Location: 11:00

VOD

Have the link to the VOD?

Description

Time

  • Played on: Sept. 25, 2017, 12:19 a.m.
  • Length: 17:47
Show
View Real Time Build Order
Export as new Build Order

Metasapien Zerg 

Build Orders: Pool First 

Get SALT Encoding   

  12  0:02  Drone  
  13  0:13  Overlord  
  13  0:32  Spawning Pool  
  13  0:34  Drone  
  13  0:38  Drone  
  14  0:43  Drone  
  15  0:51  Drone  
  16  0:58  Drone  
  17  1:19  Drone, Hatchery  
  17  1:21  Extractor  
  17  1:24  Zergling x2  
  17  1:36  Drone  
  19  1:40  Drone  
  19  1:51  Drone  
  20  2:05  Zergling x2  
  21  2:13  Queen  
  21  2:14  Spine Crawler  
  22  2:21  Roach Warren  
  20  2:34  Hatchery  
  20  2:35  Drone  
  20  2:36  Drone  
  21  2:39  Drone  
  22  2:48  Overlord  
  22  3:00  Drone  
  22  3:01  Drone  
  24  3:08  Queen  
  24  3:12  Drone  
  27  3:22  Roach x2  
  27  3:27  Drone x3  
  34  3:36  Drone  
  34  3:39  Metabolic Boost  
  35  3:51  Drone  
  36  3:57  Drone x2, Extractor  
  36  3:58  Drone  
  36  4:02  Queen  
  38  4:03  Drone x2  
  42  4:16  Overlord x2  
  42  4:18  Spine Crawler  
  42  4:24  Overlord  
  41  4:25  Overlord  
  41  4:29  Lair  
  41  4:33  Drone  
  41  4:34  Drone  
  41  4:36  Drone  
  44  4:39  Overlord  
  44  4:43  Roach  
  48  4:45  Roach  
  46  4:59  Spore Crawler  
  42  5:08  Spore Crawler  
  42  5:10  Spore Crawler x2  
  37  5:24  Drone x6  
  37  5:25  Drone x3  
  46  5:31  Overseer  
  45  5:47  Drone x2  
  45  5:48  Drone  
  48  5:57  Roach x4  
  48  6:00  Drone  
  48  6:01  Drone  
  53  6:25  Spine Crawler  
  40  6:35  Drone x5  
  40  6:36  Drone x2  
  46  6:45  Drone  
  47  6:59  Drone x3  
  47  7:00  Roach  
  47  7:01  Roach  
  54  7:05  Ravager  
  54  7:06  Ravager  
  56  7:13  Zergling x10  
  61  7:21  Drone x2  
  45  7:45  Drone x3  
  45  7:47  Drone x2  
  45  7:48  Drone  
  50  7:52  Extractor  
  50  7:53  Extractor  
  50  7:55  Extractor  
  50  7:57  Extractor  
  46  7:59  Roach x2  
  46  8:00  Roach  
  52  8:10  Drone x4  
  52  8:11  Overlord x2  
  57  8:12  Drone  
  57  8:14  Drone x2  
  57  8:15  Roach x2  
  57  8:17  Zergling x2  
  57  8:18  Zergling x2  
  65  8:40  Drone x2  
  65  8:41  Drone  
  68  8:42  Drone x3  
  68  8:43  Drone x2  
  68  8:44  Drone  
  74  8:53  Hydralisk Den  
  73  9:02  Overlord x2  
  73  9:06  Zergling x12  
  79  9:19  Roach x3  
  79  9:20  Roach x4  
  79  9:21  Overlord x2  
  93  9:29  Muscular Augments  
  93  9:30  Hydralisk x2  
  93  9:31  Hydralisk  
  97  9:32  Hydralisk  
  95  9:45  Spore Crawler  
  93  9:46  Queen, Spore Crawler  
  93  9:49  Drone  
  93  9:51  Roach  
  97  9:58  Hydralisk x2  
  101  10:16  Ravager x3  
  101  10:20  Zergling x2  
  101  10:21  Zergling x16  
  113  10:26  Overlord  
  70  10:53  Roach, Hydralisk x2  
  70  10:54  Roach x4, Hydralisk  
  70  10:55  Roach  
  88  11:03  Drone x3  
  88  11:04  Drone  
  90  11:16  Roach x2  
  90  11:17  Roach x2  
  98  11:18  Hydralisk  
  100  11:27  Drone  
  100  11:31  Drone  
  100  11:32  Drone  
  103  11:33  Drone  
  103  11:35  Spore Crawler  
  103  11:39  Hydralisk  
  103  11:40  Roach, Hydralisk  
  109  11:50  Drone x3  
  109  11:52  Evolution Chamber  
  111  11:55  Ravager x2  
  113  12:06  Hatchery  
  108  12:26  Zergling x12  
  108  12:27  Zergling x2, Hydralisk x3  
  117  12:46  Roach  
  117  12:47  Roach x3  
  125  12:56  Infestation Pit  
  125  12:58  Nydus Network  
  123  13:00  Drone x4  
  127  13:11  Drone x2  
  129  13:18  Overlord x2  
  129  13:19  Overlord  
  129  13:22  Drone  
  129  13:25  Pneumatized Carapace  
  130  13:35  Overseer  
  130  13:42  Spine Crawler  
  130  13:45  Roach  
  130  13:46  Roach  
  132  14:07  Infestation Pit  
  131  14:10  Roach x2  
  131  14:13  Queen  
  131  14:16  Roach  
  135  14:40  Nydus Canal  
  135  14:43  Overlord x2  
  135  14:44  Overlord  
  135  14:46  Drone x2  
  126  15:08  Drone x4  
  96  15:27  Zergling x20  
  96  15:28  Zergling x18  
  67  15:51  Drone x3  
  67  15:52  Drone  
  67  15:54  Roach  
  67  15:55  Roach x6  
  67  15:56  Roach  
  78  16:01  Swarm Host  
  74  16:04  Zergling x2  
  73  16:16  Roach x3  
  75  16:19  Zergling x2  
  75  16:20  Zergling x12  
  72  16:41  Zergling x2  
  72  16:42  Zergling x10  
  70  16:54  Hatchery  
  70  16:56  Roach x2  
  70  16:57  Zergling x2  
  74  17:17  Roach  
  74  17:18  Roach x4  
  84  17:29  Ravager x3  
Show
View Real Time Build Order
Export as new Build Order

johnnyblaze Terran - Winner!

Build Orders: Mech, Banshee Rush 

Get SALT Encoding   

  12  0:02  SCV  
  13  0:14  SCV  
  13  0:19  Supply Depot  
  14  0:27  SCV  
  15  0:39  Refinery  
  15  0:41  SCV  
  16  0:45  Barracks  
  16  0:53  SCV  
  17  1:01  Refinery  
  17  1:06  SCV  
  18  1:13  Supply Depot  
  18  1:19  SCV  
  20  1:34  Orbital Command  
  20  1:37  Marine  
  20  1:50  Factory  
  20  2:03  SCV  
  20  2:04  Marine  
  22  2:25  Supply Depot  
  22  2:26  SCV  
  23  2:36  Factory Tech Lab  
  23  2:38  SCV  
  23  2:39  Starport  
  24  2:51  SCV  
  25  3:05  Factory Reactor  
  25  3:06  SCV  
  25  3:07  Command Center  
  26  3:21  Banshee, Cloaking Field  
  26  3:24  SCV  
  30  3:37  SCV  
  31  3:46  Supply Depot  
  31  3:47  Hellion x2  
  35  3:55  Armory  
  35  3:56  SCV  
  36  4:04  Banshee  
  39  4:11  Hellion x2  
  39  4:16  SCV  
  44  4:20  Orbital Command  
  44  4:30  SCV  
  45  4:38  Orbital Command  
  45  4:41  Supply Depot  
  45  4:42  SCV  
  46  4:54  SCV  
  47  5:03  SCV  
  47  5:05  Hellion x2  
  52  5:07  Factory  
  52  5:27  SCV x2  
  54  5:29  Hellion x2  
  58  5:39  SCV  
  58  5:40  SCV  
  60  5:50  Hellion  
  60  5:52  SCV  
  60  5:54  Hellion, Factory Tech Lab  
  65  5:59  Factory  
  65  6:03  SCV  
  63  6:04  Banshee  
  63  6:08  Supply Depot  
  63  6:10  SCV  
  51  6:41  Hellion x2, Siege Tank  
  51  6:42  SCV  
  59  6:51  SCV  
  59  6:52  Factory Tech Lab  
  60  6:54  SCV  
  60  6:58  Banshee  
  64  7:03  Hellion x2  
  64  7:04  Command Center  
  68  7:29  SCV x2  
  55  7:42  Hellion x2, Siege Tank x2  
  65  7:45  SCV x2  
  65  7:47  Viking  
  65  7:49  Terran Vehicle Weapons Level 1, Factory  
  69  7:58  Refinery  
  69  8:01  Refinery  
  69  8:02  Supply Depot  
  69  8:06  Supply Depot  
  69  8:08  SCV  
  70  8:13  Supply Depot  
  70  8:15  SCV  
  70  8:16  Hellion x2  
  70  8:17  Siege Tank x2  
  81  8:23  Viking  
  81  8:24  SCV  
  84  8:30  Engineering Bay  
  84  8:37  Factory Tech Lab  
  84  8:38  Supply Depot  
  84  8:41  Hellion x2  
  88  8:42  Supply Depot  
  88  8:43  Armory  
  88  8:45  SCV x2  
  90  8:53  Siege Tank x2  
  96  9:05  Planetary Fortress, SCV x2  
  96  9:09  Hellion x2, Siege Tank  
  105  9:17  SCV  
  105  9:20  Supply Depot  
  105  9:24  Supply Depot  
  106  9:35  SCV x2  
  106  9:36  Hellion x2, Siege Tank x2  
  106  9:38  Terran Vehicle And Ship Armor Level 1  
  115  9:51  Siege Tank  
  119  10:00  SCV x2  
  119  10:03  Supply Depot  
  119  10:04  Supply Depot  
  119  10:05  Refinery, Command Center  
  120  10:08  Supply Depot  
  120  10:10  Supply Depot  
  120  10:12  Missile Turret, SCV x2  
  122  10:18  Hellion  
  122  10:20  SCV  
  125  10:26  Siege Tank  
  125  10:28  SCV x2  
  115  10:53  SCV x2  
  115  10:55  SCV  
  118  11:02  Hellion x2, Siege Tank x3  
  129  11:05  SCV  
  130  11:25  Planetary Fortress, SCV x2, Supply Depot  
  132  11:29  Building Armor  
  132  11:30  Banshee  
  135  11:34  Siege Tank  
  138  11:40  Refinery  
  138  11:42  Supply Depot  
  138  11:46  Missile Turret  
  138  11:48  Hellion x2, Siege Tank x2  
  138  11:50  Refinery  
  148  12:00  SCV x3  
  151  12:05  Supply Depot  
  151  12:15  Refinery  
  151  12:20  SCV x2  
  151  12:21  Hellion  
  151  12:22  Hellion  
  155  12:29  Supply Depot  
  149  12:32  Hellion x3  
  149  12:36  Terran Vehicle Weapons Level 2, Terran Vehicle And Ship Armor Level 2  
  151  12:44  Hellion x2  
  155  13:25  Missile Turret  
  155  13:29  Missile Turret  
  155  13:31  Supply Depot  
  155  13:32  Supply Depot  
  155  13:33  Missile Turret, Supply Depot  
  155  13:37  Factory  
  155  13:45  SCV x2  
  157  13:52  Thor  
  157  13:53  Thor x2  
  169  14:05  Viking  
  171  14:14  Infernal Pre-Igniter  
  169  14:29  Missile Turret  
  169  14:33  Hellion x2  
  169  14:35  Thor  
  179  14:47  Thor x2  
  179  14:49  Missile Turret  
  185  15:08  Missile Turret  
  179  15:21  Hellion x2, Siege Tank  
  170  15:34  Hellion x2  
  168  15:42  Hellion x2  
  172  15:49  Factory, Factory Tech Lab  
  172  16:20  Hellion x2, Factory Reactor  
  172  16:21  Siege Tank x3  
  183  16:30  Banshee  
  186  16:46  Hellion x2  
  184  17:09  Hellion x3  
  184  17:10  Hellion, Siege Tank x2  
  198  17:26  Refinery  
  198  17:28  Command Center  
  198  17:34  Command Center  
Tags
 
Add a new tag
Caveats
  • Supply blocks, unpowered buildings, or Contaminate may cause inaccurate times.
  • Supply counts are checked every 10 seconds.